 Dungeon Crawl Stone Soup version 0.19.1 (webtiles) character file.

167 Gargoyl the Skirmisher (level 5, -1/46 HPs)
             Began as a Ghoul Abyssal Knight on Dec 26, 2016.
             Was a Follower of Lugonu.
             Slain by Sigmund
             ... wielding a +2 scythe of flaming
              (2 damage)
             ... on level 2 of the Dungeon.
             The game lasted 00:06:14 (1757 turns).

Gargoyl the Skirmisher (Ghoul Abyssal Knight)       Turns: 1757, Time: 00:06:14

Health: -1/46      AC:  9    Str: 14 (16) XL:     5   Next: 48%
Magic:  6/6        EV:  3    Int:  6 (7)  God:    Lugonu [*.....]
Gold:   75         SH:  7    Dex:  8 (9)  Spells: 0 memorised, 4 levels left

rFire  . . .     SeeInvis .     a - +1 hand axe
rCold  + . .     Gourm    .     m - +0 chain mail
rNeg   + + +     Faith    .     e - +0 shield
rPois  ∞         Spirit   .     (no helmet)
rElec  .         Reflect  .     (no cloak)
rCorr  .         Harm     .     (no gloves)
MR     .....                    (no boots)
Stlth  ..........               (no amulet)
                                (no ring)
                                (no ring)

@: rotting, hasted, very quick
A: rotting body, claws 1, carnivore 3, cold resistance 1, negative energy
resistance 3, slow regeneration 1, torment resistance, unbreathing
a: Depart the Abyss, Renounce Religion


You were on level 2 of the Dungeon.
You worshipped Lugonu.
Lugonu was aware of your devotion.
You were not hungry.

You visited 1 branch of the dungeon, and saw 2 of its levels.
You visited the Abyss 1 time.

You collected 75 gold pieces.

Inventory:

Hand Weapons
 a - a +1 hand axe (weapon)
Armour
 e - a +0 shield (worn)
 m - a +0 chain mail (worn)
Scrolls
 b - a scroll of immolation {unknown}
 d - 2 scrolls of identify {unknown}
 h - 2 scrolls of teleportation {unknown}
 o - a scroll of recharging {unknown}
Potions
 f - a potion of degeneration
 k - a potion of brilliance {unknown}
 l - 2 potions of lignification
 n - a potion of heal wounds {unknown}
Comestibles
 c - 2 meat rations
 g - a slice of pizza
 i - a chunk of flesh


   Skills:
 + Level 3.9 Fighting
 + Level 2.9 Axes
 * Level 3.0 Armour
 + Level 1.2 Dodging
 + Level 1.1 Shields
 * Level 2.8 Invocations


You had 4 spell levels left.
You didn't know any spells.

Dungeon Overview and Level Annotations

Branches:
Dungeon (2/15)

Altars:
Kikubaaqudgha
Nemelex Xobeh

Annotations:
D:2 Sigmund


Innate Abilities, Weirdness & Mutations

Your body is rotting away.
You thrive on raw meat.
You are immune to poison.
You have sharp fingernails.
You are carnivorous and can eat meat at any time.
Your flesh is cold resistant. (rC+)
You are immune to negative energy. (rN+++)
You regenerate slowly when monsters are visible.
You are immune to unholy pain and torment.
You can survive without breathing.


Message History

You hit something. Something hits you. Something burns you.
It was a potion of lignification.
You feel woody for a moment. Something hits you but does no damage.
You closely miss something. Something hits you! Something burns you.
You miss something.
You hear some strange, mumbled words.
A magic dart appears from out of thin air!
The magic dart hits you!
* * * LOW HITPOINT WARNING * * *
You miss something. Something hits you.
* * * LOW HITPOINT WARNING * * *
Something burns you.
* * * LOW HITPOINT WARNING * * *
It was a potion of degeneration.
There was something very wrong with that liquid.
You feel weakened.
You feel dopey.
You feel clumsy.
It was a potion of haste.
You feel yourself speed up. Something hits you.
* * * LOW HITPOINT WARNING * * *
Something burns you.
You die...

..........# .#.#
..........# ..).#
#...........# .....
............#
#....##.##........##
........ #..(...>.. .#
.......######....# ..#
..#..#.##.....?#÷# #...#
..........##@###@#.....#
........####.###{..#
.........###.#...###
..................#
......##......##..#
..................#
..................#
..#................#
...................#


There were no monsters in sight!

Vanquished Creatures
  2 vampire bats (D:2)
  3 adders
  3 dart slugs
  A leopard gecko (D:2)
  3 bat skeletons (D:2)
  4 bat zombies (D:2)
  4 giant cockroaches
  6 goblins
  6 hobgoblins
  4 kobolds
  3 bats
  3 frilled lizards
  9 rats
51 creatures vanquished.

Notes
Turn   | Place    | Note
-------+----------+-------------------------------------------
     0 | Abyss:1  | Gargoyl the Ghoul Abyssal Knight began the quest for the Orb.
     0 | Abyss:1  | Reached XP level 1. HP: 19/19 MP: 1/1
   180 | Abyss:1  | Noticed an orb spider
   188 | Abyss:1  | Noticed a wretched star
   189 | D:1      | Escaped the Abyss
   360 | D:1      | Reached XP level 2. HP: 19/26 MP: 2/2
   519 | D:1      | Reached * piety under Lugonu
   898 | D:1      | Reached XP level 3. HP: 30/31 MP: 3/3
  1205 | D:2      | Reached skill level 1 in Dodging
  1289 | D:2      | Found a sparkling altar of Nemelex Xobeh.
  1398 | D:2      | Reached XP level 4. HP: 36/40 MP: 4/4
  1412 | D:2      | Found an ancient bone altar of Kikubaaqudgha.
  1455 | D:2      | Reached XP level 5. HP: 32/46 MP: 6/6
  1551 | D:2      | Reached skill level 1 in Shields
  1578 | D:2      | Noticed Sigmund
  1757 | D:2      | HP: 1/46 [something (4)]
  1757 | D:2      | Slain by Sigmund

Skill      XL: |  1  2  3  4  5 |
---------------+----------------+-----
Armour         | 2 3 |  3.0
Axes           | 2 |  2.9
Dodging        | 1 |  1.2
Shields        | 1 |  1.1
Fighting       | |  3.9
Invocations    | |  2.8

Action                   |  1- 3 |  4- 6 || total
-------------------------+-------+-------++-------
Melee: Hand axe          |   125 |   101 ||   226
Invok: Depart the Abyss  |     1 |       ||     1
  Use: Potion            |       |     3 ||     3
  Eat: Chunk             |    23 |     9 ||    32
Armor: Leather armour    |    21 |       ||    21
       Chain mail        |    55 |   113 ||   168
Dodge: Dodged            |    31 |    22 ||    53
Block: Shield            |    43 |    61 ||   104
